 Dungeon Crawl Stone Soup version 0.22.1-2-g9c5b331383 (webtiles) character file.

441350 Jynx the Slayer (level 24, 0/135 HPs)
             Began as a Gargoyle Fighter on Dec 29, 2018.
             Was the Champion of Okawaru.
             Killed from afar by a starcursed mass (7 damage)
             ... with an accursed screaming
             ... on level 4 of the Abyss on Dec 30, 2018.
             The game lasted 02:13:46 (49411 turns).

Jynx the Slayer (Gargoyle Fighter)                 Turns: 49411, Time: 02:13:46

Health: 0/135      AC: 52    Str: 31      XL:     24   Next: 11%
Magic:  18/25      EV: 18    Int:  3 (4)  God:    Okawaru [******]
Gold:   3234       SH: 41    Dex: 26      Spells: 23/23 levels left

rFire    + + .     SeeInvis +   E - +2 flail of Sulphur {drain, rC+ Str+4 Dex+5}
rCold    + + +     Gourm    .   Z - +7 large shield of Hedge Wizardry {rCorr Str+5 Int-4 Slay+3}
rNeg     + . .     Faith    .   U - +6 chain mail of Rippiarot {rF+ rC+ Regen+ Str+2}
rPois    ∞         Spirit   .   X - +0 helmet {SInv}
rElec    +         Reflect  +   (no cloak)
rCorr    +         Harm     .   u - +2 pair of gloves {Dex+3}
MR       +....     Rnd*Rage +   M - +2 pair of boots
Stlth    +.........             q - +5 amulet of reflection
HPRegen  0.72/turn              r - ring of Discretion {*Drain rC++ EV+4 Dex+6}
MPRegen  0.19/turn              J - ring of Eddot {rF+ Slay+5}

@: heroism, finesse, flying
A: big wings, [berserk 2], clumsy 1, dopey 1[+1], [frail 2], [low mp 2],
negative energy resistance 1, [screaming 2], electricity resistance, weak 1[+1],
unbreathing, petrification resistance, no potion heal 1, rot immunity, AC +18
}: 2/15 runes: barnacled, gossamer
a: Stop Flying, Heroism, Finesse, Renounce Religion


You were on level 4 of the Abyss.
You worshipped Okawaru.
Okawaru was exalted by your worship.
You were not hungry.

You visited 7 branches of the dungeon, and saw 37 of its levels.
You visited the Abyss 2 times.
You also visited: Labyrinth and Ossuary.

You collected 3976 gold pieces.
You spent 742 gold pieces at shops.

Inventory:

Hand Weapons
 E - the +2 flail of Sulphur (weapon) {drain, rC+ Str+4 Dex+5}
   (Okawaru gifted it to you on level 5 of the Depths)

   A truly terrible weapon, it drains the life of those it strikes.
   It affects your strength (+4).
   It affects your dexterity (+5).
   It protects you from cold.
 W - a +2 morningstar of crushing
Missiles
 a - a javelin (quivered)
Armour
 c - a +4 plate armour of magic resistance
 m - the +4 faerie dragon scales {rC+ rCorr Clar}
   (You took it off the Enchantress on level 3 of the Depths)

   It protects you from cold.
   It protects you against confusion.
   It provides partial protection from all sources of acid and corrosion.
 u - a +2 pair of gloves of dexterity (worn)
 M - a +2 pair of boots (worn)
 S - the +0 helmet of Hedging {*Contam rElec rF+++ rC-}
   (Okawaru gifted it to you on level 4 of the Spider Nest)

   It renders you almost immune to fire.
   It makes you vulnerable to cold.
   It insulates you from electricity.
   It causes magical contamination when unequipped.
 U - the +6 chain mail of Rippiarot (worn) {rF+ rC+ Regen+ Str+2}
   (You found it on level 1 of the Shoals)

   It affects your strength (+2).
   It protects you from fire.
   It protects you from cold.
   It increases your rate of regeneration.
 X - a +0 helmet of see invisible (worn)
 Z - the +7 large shield of Hedge Wizardry (worn) {rCorr Str+5 Int-4 Slay+3}
   (You found it on level 1 of the Depths)

   It affects your strength (+5).
   It affects your intelligence (-4).
   It affects your accuracy and damage with ranged weapons and melee attacks
   (+3).
   It provides partial protection from all sources of acid and corrosion.
Jewellery
 h - an uncursed ring of protection from cold
 n - an uncursed ring of ice
 q - a +5 amulet of reflection (around neck)
 r - the ring of Discretion (left hand) {*Drain rC++ EV+4 Dex+6}
   (You bought it in a shop on level 2 of the Orcish Mines)

   [ring of evasion]

   It affects your evasion (+4).
   It affects your dexterity (+6).
   It greatly protects you from cold.
   It causes draining when unequipped.
 s - an uncursed ring of see invisible
 v - an uncursed ring of positive energy
 J - the ring of Eddot (right hand) {rF+ Slay+5}
   (You found it on level 4 of the Shoals)

   [ring of protection from fire]

   It affects your accuracy and damage with ranged weapons and melee attacks
   (+5).
   It protects you from fire.
 L - an uncursed ring of protection from fire
 N - an uncursed ring of protection from magic
 V - the ring "Toant" {*Slow +Fly rC+ SInv}
   (You found it on level 2 of the Depths)

   [ring of see invisible]

   It protects you from cold.
   It lets you see invisible.
   It lets you fly.
   It may slow you when you take damage.
Wands
 F - a wand of disintegration (54)
 K - a wand of flame (115)
 O - a wand of digging (99)
 R - a wand of acid (5)
 T - a wand of paralysis (16)
Scrolls
 e - 13 scrolls of teleportation
 g - 4 scrolls of blinking
 w - 3 scrolls of identify
 x - 14 scrolls of remove curse
 y - 12 scrolls of enchant armour
 D - 4 scrolls of enchant weapon
 G - 5 scrolls of fog
 H - 4 scrolls of fear
 I - 2 scrolls of magic mapping
Potions
 b - 3 potions of invisibility
 d - 8 potions of might
 i - 7 potions of haste
 j - 9 potions of flight
 k - 4 potions of lignification
 l - 12 potions of heal wounds
 o - 2 potions of cancellation
 p - 9 potions of berserk rage
 t - 7 potions of mutation
 z - 12 potions of brilliance
 A - 2 potions of magic
 B - 2 potions of resistance
 C - 14 potions of curing
 Q - 12 potions of ambrosia
Miscellaneous
 Y - a phantom mirror
Comestibles
 f - 57 rations


   Skills:
 + Level 22.4(27) Fighting
 - Level 16.0(21.0) Maces & Flails
 + Level 22.3(27) Armour
 + Level 22.4(27) Shields
 - Level 12.0 Invocations


You had 23 spell levels left.
You didn't know any spells.
Your spell library contained the following spells:

 Spells                   Type           Power        Failure   Level  Hunger
 Animate Skeleton         Necr           N/A          75%         1    ##.....
 Apportation              Tloc           #.....       75%         1    ##.....
 Confusing Touch          Hex            #.....       75%         1    ##.....
 Corona                   Hex            #......      75%         1    ##.....
 Flame Tongue             Conj/Fire      #....        75%         1    ##.....
 Freeze                   Ice            #...         75%         1    ##.....
 Infusion                 Chrm           #...         75%         1    ##.....
 Pain                     Necr           #...         75%         1    ##.....
 Sandblast                Erth           #.....       75%         1    ##.....
 Shock                    Conj/Air       #...         75%         1    ##.....
 Summon Butterflies       Summ           #.......     75%         1    ##.....
 Passwall                 Tmut/Erth      #.......     87%         2    ###....
 Shroud of Golubria       Chrm/Tloc      #.........   87%         2    ###....
 Slow                     Hex            #.......     87%         2    ###....
 Song of Slaying          Chrm           #.......     87%         2    ###....
 Swiftness                Chrm/Air       #.......     87%         2    ###....
 Throw Frost              Conj/Ice       #.....       87%         2    ###....
 Confuse                  Hex            #.......     98%         3    ####...
 Gell's Gravitas          Tloc           #.........   98%         3    ####...
 Inner Flame              Hex/Fire       #.......     98%         3    ####...
 Lesser Beckoning         Tloc           #.........   98%         3    ####...
 Ozocubu's Armour         Chrm/Ice       #.......     98%         3    ####...
 Portal Projectile        Hex/Tloc       #.....       98%         3    ####...
 Recall                   Summ/Tloc      N/A          98%         3    ####...
 Regeneration             Chrm/Necr      #.........   98%         3    ####...
 Spectral Weapon          Hex/Chrm       #.......     98%         3    ####...
 Static Discharge         Conj/Air       #.......     98%         3    ####...
 Stone Arrow              Conj/Erth      #.....       98%         3    ####...
 Tukima's Dance           Hex            #.......     98%         3    ####...
 Vampiric Draining        Necr           #.........   98%         3    ####...
 Airstrike                Air            #.........   100%        4    #####..
 Animate Dead             Necr           N/A          100%        4    #####..
 Cause Fear               Hex            #.........   100%        4    #####..
 Leda's Liquefaction      Hex/Erth       #.........   100%        4    #####..
 Passage of Golubria      Tloc           N/A          100%        4    #####..
 Petrify                  Tmut/Erth      #.......     100%        4    #####..
 Summon Ice Beast         Ice/Summ       #.......     100%        4    #####..
 Throw Icicle             Conj/Ice       #.......     100%        4    #####..
 Alistair's Intoxication  Tmut/Pois      #.......     100%        5    ######.
 Bolt of Magma            Conj/Fire/Erth #.........   100%        5    ######.
 Borgnjor's Vile Clutch   Necr/Erth      #.........   100%        5    ######.
 Irradiate                Conj/Tmut      #.........   100%        5    ######.
 Lee's Rapid Deconstruct  Erth           #.........   100%        5    ######.
 Lightning Bolt           Conj/Air       #.........   100%        5    ######.
 Metabolic Englaciation   Hex/Ice        #.........   100%        5    ######.
 Summon Forest            Summ/Tloc      #.........   100%        5    ######.
 Yara's Violent Unravell  Hex/Tmut       #.........   100%        5    ######.
 Bolt of Fire             Conj/Fire      #.........   100%        6    #######
 Darkness                 Hex            #.........   100%        6    #######
 Death Channel            Necr           #.........   100%        6    #######
 Invisibility             Hex            #.......     100%        6    #######
 Iron Shot                Conj/Erth      #.........   100%        6    #######
 Simulacrum               Ice/Necr       #.........   100%        6    #######
 Dragon Form              Tmut           #.........   100%        7    #######
 Malign Gateway           Summ/Tloc      #.........   100%        7    #######
 Monstrous Menagerie      Summ           #.........   100%        7    #######
 Summon Greater Demon     Summ           #.........   100%        7    #######
 Ignition                 Fire           #.........   100%        8    #######
 Summon Horrible Things   Summ           #.........   100%        8    #######
 Dragon's Call            Summ           #.........   100%        9    #######
 Shatter                  Erth           #.........   100%        9    #######
 Tornado                  Air            #.........   100%        9    #######
 Sublimation of Blood     Necr           Unusable     N/A         2    N/A
 Statue Form              Tmut/Erth      Unusable     N/A         6    N/A

Dungeon Overview and Level Annotations

Branches:
Dungeon (15/15)            Temple (1/1) D:6            Lair (6/6) D:8
 Shoals (4/4) Lair:2       Spider (4/4) Lair:4        Slime (0/5) Lair:5
    Orc (2/2) D:11            Elf (0/3) Orc:2        Vaults (0/5) D:14
 Depths (5/5) D:15            Zot (0/5) Depths:5

Altars:
Ashenzari
Cheibriados
Dithmenos
Elyvilon
Fedhas
Gozag
Hepliaklqana
Kikubaaqudgha
Makhleb
Nemelex Xobeh
Okawaru
Qazlal
Ru
Sif Muna
Trog
Uskayaw
Vehumet
Wu Jian
Xom
Yredelemnul
Zin
The Shining One
Beogh
Jiyva
Lugonu

Shops:
D:9 [   Orc:1 (*[   Orc:2 *=[(   Depths:2 =}}

Portals:
Hell: Depths:1 Depths:2 Depths:3 Depths:4 Depths:5
Abyss: Depths:2 Depths:4 Depths:5
Pandemonium: Depths:3
Ziggurat: Depths:4

Annotations:
D:5 Prince Ribbit
Lair:5 exclusion: oklob plant
Abyss:1 Agnes


Innate Abilities, Weirdness & Mutations

You are resistant to torment.
Your stone body is resilient. (AC +18)
You are immune to poison.
Your large and strong wings let you fly indefinitely.
You resist negative energy. (rN+)
You are resistant to electric shocks. (rElec)
You can survive without breathing.
You are immune to petrification.
You are immune to rotting.
You are clumsy. (Dex -2)
Potions are less effective at restoring your health.
[You often lose your temper in combat.]
[You are very dopey. (Int -4)]
[You are very frail. (-20% HP)]
[Your magical capacity is very low. (-20% MP)]
[You sometimes yell uncontrollably at your foes.]
[You are very weak. (Str -4)]


Message History

The starcursed mass closely misses you. You block the starcursed mass's attack.
You plunge deeper into the Abyss.
The abyssal rune of Zot can be found at this depth.
Found 14 gold pieces.
You start resting.
A starcursed mass comes into view.
A starcursed mass is nearby!
The starcursed mass shrieks in your mind.
* * * LOW HITPOINT WARNING * * *
You gain the combat prowess of a mighty hero.
The starcursed mass shrieks in your mind.
* * * LOW HITPOINT WARNING * * *
You can now deal lightning-fast blows.
A starcursed mass splits.
A starcursed mass splits. x2
A chaos spawn comes into view.
The chaos spawn growls angrily.
A starcursed mass splits.
A deafening chorus of shrieks assaults your mind!
You die...

$####. ....
###.#.# . ....
#.....## #...
#..#...###.# .
....#....## .
#........#
.#.........# .
#.4.#.#..##.#
........@..∩.#
.#.##...X...#....
...##..X.....# ..
.....#XX##..#
#..##.X# ..# ..#.
.... .... . .
..... ..... #
##..# ##.


You could see 5 starcursed masses and a chaos spawn.

Vanquished Creatures
  2 ancient liches
  Sojobo (Depths:1)
  Boris (Depths:4)
  Xtahua (Depths:5)
  6 caustic shrikes
  The ghost of Kaitaug the Executioner, a veteran MiBe of Trog (Depths:5)
  2 golden dragons (Depths:5)
  the Enchantress (Depths:3)
  Jory (Depths:3)
  Arachne (Spider:4)
  A bone dragon (Abyss:1)
  4 liches
  A tentacled monstrosity (Abyss:3)
  Jorgrun (Abyss:1)
  An Ice Fiend (Depths:2)
  A titan (Depths:1)
  7 tentacled starspawn
  A quicksilver dragon (Depths:5)
  A kraken (Shoals:4)
  A sphinx (Depths:2)
  Polyphemus (Shoals:3)
  3 tengu reavers
  3 shadow dragons
  Gastronok (Lair:2)
  A storm dragon (Depths:4)
  Ilsuiw (Shoals:3)
  Roxanne (Shoals:1)
  4 fire giants
  2 daevas
  A draconian monk (Depths:5)
  8 frost giants
  A deep elf sorcerer (Depths:1)
  Louise (Shoals:3)
  A draconian scorcher (Depths:5)
  An orc warlord (Orc:1)
  5 ghost moths (Spider:4)
  4 emperor scorpions
  A cacodemon (Abyss:3)
  A draconian stormcaller (Depths:5)
  A juggernaut zombie (Depths:5)
  4 spriggan defenders
  23 very ugly things
  A caustic shrike skeleton (D:15)
  A juggernaut skeleton (Depths:1)
  12 stone giants
  3 entropy weavers
  A green draconian (Depths:5)
  2 dire elephants (Depths:2)
  A purple draconian (Depths:5)
  A yellow draconian (Depths:5)
  8 vampire knights
  A red draconian (Depths:5)
  The ghost of Fyciun the Bludgeoner, a journeyman MiFi of Trog (Lair:3)
  A minotaur (Lab)
  7 merfolk javelineers
  Snorg (Lair:5)
  5 spark wasps
  2 deep elf death magi
  6 ettins
  14 fire dragons
  6 jiangshi (Depths:4)
  Josephine (Lair:5)
  12 merfolk impalers
  5 yaktaur captains
  5 great orbs of eyes
  2 rakshasas
  11 ice dragons
  Harold (D:8)
  2 alligator snapping turtles (Shoals:4)
  3 spriggan air magi
  8 hydras
  A catoblepas (Shoals:3)
  6 merfolk avatars
  6 centaur warriors
  A death knight (Abyss:3)
  6 merfolk aquamancers
  7 dancing weapons
  5 ogre magi
  A satyr (Shoals:4)
  13 two-headed ogres
  6 deep troll shamans
  2 tengu warriors
  4 hell hogs (Abyss:1)
  A titan zombie (Depths:5)
  7 vampire magi
  8 deep troll earth magi
  3 death yaks (Shoals:3)
  An orc high priest (Orc:2)
  9 thrashing horrors
  A spriggan berserker (Depths:3)
  Urug (Abyss:1)
  2 shadow wraiths
  Sonja (D:10)
  9 skeletal warriors
  5 wretched stars
  8 hell knights
  A fire crab (shapeshifter) (Depths:3)
  2 iron trolls (Depths:1)
  2 sixfirhies (Abyss:3)
  3 flayed ghosts
  9 sea snakes
  A kraken simulacrum (Shoals:4)
  2 unseen horrors
  3 spatial maelstroms
  A shadow demon (Abyss:3)
  26 deep trolls
  A glowing orange brain (Depths:3)
  3 orc knights
  Pikel (D:8)
  2 wizards
  A golden dragon skeleton (Depths:5)
  2 tengu zombies (Depths:1)
  6 phantasmal warriors
  19 orb spiders
  3 oklob plants (Lair:2)
  2 wolf spider zombies (D:15)
  A lindwurm (Lair:3)
  6 orc sorcerers
  12 harpies
  11 necromancers
  36 wolf spiders
  7 fauns
  29 ugly things
  8 manticores
  3 fire giant zombies (Depths:4)
  6 cyclopes
  A deep elf mage (D:12)
  4 frost giant zombies (Depths:4)
  A worldbinder (Abyss:3)
  13 slime creatures
  10 merfolk sirens
  A black mamba (shapeshifter) (Depths:1)
  Joseph (D:8)
  2 frost giant skeletons
  8 black mambas
  An orange demon (Abyss:1)
  7 water nymphs
  2 ice statues (Depths:2)
  An eye of devastation (Abyss:3)
  8 smoke demons
  2 apocalypse crabs (Abyss:1)
  A rust devil (Abyss:1)
  21 spiny frogs
  A torpor snail (Spider:4)
  Psyche (D:8)
  An efreet (Abyss:1)
  4 rime drakes
  3 centaur skeletons
  A kobold demonologist (D:12)
  A tormentor (Abyss:1)
  A hellion (Abyss:1)
  7 demonic crawlers
  7 komodo dragons
  11 yaktaurs
  A yaktaur zombie (D:15)
  6 freezing wraiths
  A silent spectre (Abyss:3)
  2 tengu conjurers
  5 ice devils
  7 trolls
  A meliai (shapeshifter) (Depths:1)
  7 ancient zymes
  5 wind drakes
  5 meliai
  40 jumping spiders
  3 polar bears
  3 tyrant leeches (Lair:6)
  6 snapping turtles
  A hippogriff (shapeshifter) (Depths:3)
  40 merfolk
  23 blink frogs
  8 raiju (Abyss:3)
  A dream sheep (shapeshifter) (D:14)
  5 hornets
  17 hippogriffs
  A stone giant simulacrum (Abyss:1)
  15 large abominations
  14 dream sheep
  A fire giant simulacrum (Depths:1)
  41 tarantellas
  Sigmund (D:2)
  7 flying skulls
  73 redbacks
  A redback (shapeshifter) (Depths:1)
  2 shadows
  A tarantella (shapeshifter) (Depths:5)
  4 ynoxinuls (Abyss:1)
  3 spriggans
  38 yaks
  2 fire bats (Abyss:3)
  4 wraiths
  A human (D:7)
  24 water elementals
  5 vampires
  2 wyverns
  3 hogs (D:7)
  A hungry ghost (D:13)
  A golden eye (Abyss:1)
  9 basilisks
  A steam dragon (D:15)
  2 neqoxecs
  10 vampire mosquitoes
  9 chaos spawn
  3 wargs
  Duvessa (D:4)
  A spatial vortex (Abyss:1)
  6 water moccasins
  7 hell hounds (Depths:4)
  38 orc warriors
  10 porcupines
  6 ice beasts
  Purgy (D:3)
  An eye of draining (Abyss:3)
  3 sky beasts
  A slave (D:7)
  14 ogres
  3 black bears
  4 phantoms
  9 wolves
  A centaur (shapeshifter) (Depths:1)
  9 boggarts
  18 centaurs
  8 crocodiles
  A wyvern zombie (D:7)
  2 big kobolds
  21 bullfrogs
  Blork the orc (D:6)
  2 gnoll sergeants
  Dowan (D:4)
  A wyvern skeleton (D:14)
  A scorpion (D:10)
  20 small abominations
  3 wights (D:6)
  19 killer bees
  2 spectral wolves (Depths:4)
  9 electric eels
  2 howler monkeys (D:10)
  4 crimson imps
  4 quasits
  38 starcursed masses
  2 bullfrog zombies
  4 hounds
  4 iron imps
  20 jellies
  14 orc priests
  Crazy Yiuf (D:3)
  17 orc wizards
  7 iguanas
  An iguana (shapeshifter) (Depths:1)
  10 worker ants
  A killer bee zombie (D:6)
  6 big kobold zombies (Ossuary)
  A hound zombie (D:6)
  A hound skeleton (D:9)
  A mummy (Ossuary)
  A worker ant zombie (D:6)
  17 gnolls
  14 adders
  4 shadow imps
  3 white imps (Abyss:3)
  2 ufetubi
  11 oozes (Lair:5)
  2 adder skeletons
  An adder zombie (D:8)
  A dart slug (D:1)
  2 leopard geckos
  94 orcs
  A spectral bat (Ossuary)
  4 giant cockroaches
  A giant cockroach (shapeshifter) (Depths:5)
  5 gnoll zombies (Ossuary)
  8 goblins
  8 hobgoblins
  4 jackals (D:10)
  13 kobolds
  4 quokkas
  A ball python (D:1)
  14 bats
  4 bat simulacra (Ossuary)
  7 frilled lizards
  5 goblin simulacra (Ossuary)
  2 goblin skeletons (D:5)
  4 goblin zombies
  7 hobgoblin zombies
  5 kobold simulacra (Ossuary)
  2 kobold skeletons (D:5)
  7 kobold zombies
  3 leopard gecko skeletons
  3 orc zombies (Ossuary)
  A quokka skeleton (D:5)
  10 rats
  3 rat simulacra (Ossuary)
  5 spectral goblins (Ossuary)
  4 spectral kobolds (Ossuary)
  3 spectral rats (Ossuary)
  2 plants
  4 starspawn tentacles
  A tentacle (Shoals:4)
1799 creatures vanquished.

Vanquished Creatures (collateral kills)
  A manticore (Shoals:4)
  A merfolk (Shoals:4)
2 creatures vanquished.

Vanquished Creatures (others)
  2 orc warlords
  A very ugly thing (Depths:1)
  An entropy weaver (Spider:1)
  A stone giant (Depths:2)
  4 merfolk javelineers (Shoals:4)
  A death knight (D:15)
  A two-headed ogre (D:9)
  2 deep troll shamans (Depths:1)
  2 centaur warriors
  A satyr (Shoals:4)
  A dancing weapon (Spider:2)
  A skeletal warrior (D:15)
  2 deep trolls
  2 flayed ghosts
  An unseen horror (D:14)
  A sphinx zombie (D:15)
  An orc knight (Orc:1)
  2 orc sorcerers
  6 wolf spiders
  An orb spider (Spider:1)
  2 cyclopes
  2 fauns
  5 spiny frogs
  A demonic crawler (Spider:4)
  3 yaktaurs
  4 jumping spiders
  A meliai (Spider:2)
  2 blink frogs (Lair:6)
  7 redbacks
  A wyvern (Lair:6)
  3 tarantellas
  2 yaks
  2 soldier ants
  A hornet zombie (D:11)
  7 orc warriors
  2 slaves (D:8)
  An eye of draining (Abyss:1)
  2 ogres
  A phantom (D:14)
  2 boggarts (Depths:2)
  4 centaurs
  3 bullfrogs (Lair:6)
  A wyvern zombie (D:13)
  3 killer bees
  An electric eel (Spider:1)
  An iguana (D:8)
  An adder (D:8)
  4 orcs
  A gnoll zombie (Ossuary)
  A goblin zombie (Ossuary)
  A kobold (D:9)
  A kobold zombie (Ossuary)
  3 bushes (D:14)
  A fire vortex (Lair:3)
  38 fungi
  2 lurking horrors (Abyss:3)
  38 plants
  16 starspawn tentacles
  16 tentacles (Shoals:4)
  4 toadstools (D:1)
  A withered plant (Shoals:2)
226 creatures vanquished.

Grand Total: 2027 creatures vanquished

Notes
Turn   | Place    | Note
-------+----------+-------------------------------------------
     0 | D:1      | Jynx the Gargoyle Fighter began the quest for the Orb.
     0 | D:1      | Reached XP level 1. HP: 14/14 MP: 1/1
   383 | D:1      | Reached XP level 2. HP: 19/19 MP: 2/2
   844 | D:1      | Reached XP level 3. HP: 22/23 MP: 3/3
  1463 | D:2      | Found a bloodstained altar of Trog.
  1466 | D:2      | Found a shattered altar of Ashenzari.
  1583 | D:2      | Reached XP level 4. HP: 27/29 MP: 4/4
  1618 | D:2      | Found a hide-covered altar of Uskayaw.
  1618 | D:2      | Noticed a hand axe
  1618 | D:2      | Noticed a hand axe
  1641 | D:2      | Noticed Sigmund
  1649 | D:2      | Killed Sigmund
  1649 | D:2      | Reached XP level 5. HP: 33/33 MP: 5/5
  1802 | D:3      | Reached XP level 6. HP: 35/38 MP: 6/6
  2018 | D:3      | Found a shadowy altar of Dithmenos.
  2093 | D:3      | Found a runed door.
  2189 | D:3      | Found a shimmering altar of Xom.
  2727 | D:3      | Noticed Crazy Yiuf
  2736 | D:3      | Killed Crazy Yiuf
  2806 | D:4      | Noticed Purgy
  2846 | D:3      | Killed Purgy
  2846 | D:3      | Reached XP level 7. HP: 28/44 MP: 7/7
  3107 | D:4      | Reached skill level 5 in Maces & Flails
  3357 | D:4      | Noticed Duvessa
  3357 | D:4      | Noticed Dowan
  3381 | D:4      | Killed Duvessa
  3381 | D:4      | Reached skill level 5 in Fighting
  3381 | D:4      | Reached skill level 5 in Armour
  3381 | D:4      | Reached skill level 5 in Shields
  3386 | D:4      | Killed Dowan
  3651 | D:4      | Found a white marble altar of Elyvilon.
  3765 | D:5      | Entered Level 5 of the Dungeon
  3858 | D:5      | Found a glowing golden altar of the Shining One.
  3862 | D:5      | Reached XP level 8. HP: 49/49 MP: 8/8
  4498 | D:5      | Noticed Prince Ribbit
  4778 | D:6      | Noticed Blork the orc
  4799 | D:6      | Killed Blork the orc
  5000 | D:6      | Found a sand-covered staircase.
  5005 | Ossuary  | Entered an ossuary
  5509 | D:6      | Found a staircase to the Ecumenical Temple.
  5530 | Temple   | Entered the Ecumenical Temple
  5624 | Temple   | Became a worshipper of Warmaster Okawaru
  6070 | D:7      | Found an opulent altar of Gozag.
  6153 | D:7      | Noticed a hippogriff
  6173 | D:7      | Killed a hippogriff
  6173 | D:7      | Reached * piety under Okawaru
  6173 | D:7      | Reached XP level 9. HP: 35/56 MP: 9/9
  6787 | D:7      | Reached ** piety under Okawaru
  6989 | D:8      | Noticed Joseph
  6993 | D:8      | Noticed Psyche
  6993 | D:8      | Noticed Pikel
  7008 | D:8      | Killed Joseph
  7008 | D:8      | Reached XP level 10. HP: 27/63 MP: 8/10
  7235 | D:8      | Killed Pikel
  7235 | D:8      | Reached *** piety under Okawaru
  7242 | D:8      | Killed Psyche
  7489 | D:8      | Found a staircase to the Lair.
  7636 | D:8      | Noticed Harold
  7743 | D:8      | Killed Harold
  7743 | D:8      | Reached **** piety under Okawaru
  7743 | D:8      | Reached skill level 10 in Maces & Flails
  8453 | Lair:1   | Entered Level 1 of the Lair of Beasts
  8586 | Lair:1   | Noticed a seven-headed hydra
  8600 | Lair:1   | Killed a seven-headed hydra
  8821 | Lair:1   | Noticed a four-headed hydra
  8837 | Lair:1   | Reached XP level 11. HP: 69/69 MP: 11/11
  9066 | Lair:1   | Killed a four-headed hydra
  9066 | Lair:1   | Reached ***** piety under Okawaru
  9974 | Lair:2   | Noticed an oklob plant
  9974 | Lair:2   | Noticed an oklob plant
 10047 | Lair:2   | Noticed Gastronok
 10071 | Lair:2   | Killed Gastronok
 10513 | Lair:2   | Received a gift from Okawaru
 10514 | Lair:2   | Found the +5 demon whip "Spellbinder" {antimagic, MR+}
 10533 | Lair:2   | Found a staircase to the Shoals.
 10534 | Lair:2   | Noticed a four-headed hydra
 10546 | Lair:2   | Killed a four-headed hydra
 10546 | Lair:2   | Reached XP level 12. HP: 44/77 MP: 4/12
 11139 | Lair:3   | Reached skill level 10 in Fighting
 11139 | Lair:3   | Reached skill level 10 in Armour
 11145 | Lair:3   | Noticed a six-headed hydra
 11156 | Lair:3   | Killed a six-headed hydra
 11156 | Lair:3   | Reached skill level 10 in Shields
 11427 | Lair:3   | Reached ****** piety under Okawaru
 11439 | Lair:3   | Found a labyrinth entrance.
 11461 | Lab      | Entered a labyrinth
 11660 | Lab      | Noticed a minotaur
 11684 | Lab      | Killed a minotaur
 11697 | Lab      | Identified the Volume of the Traveller and Transmigration
 11770 | Lair:3   | Found a runed gate.
 11775 | Lair:3   | Noticed Fyciun's ghost (journeyman MiFi)
 11776 | Lair:3   | Found a runed gate.
 11776 | Lair:3   | Found a runed gate.
 11777 | Lair:3   | Found a viscous altar of Jiyva.
 11809 | Lair:3   | Killed Fyciun's ghost
 12034 | Lair:3   | Got a smoking golden amulet
 12361 | Lair:3   | Identified the amulet "Lybautil" {Reflect rPois Int+4 Dex-5
                  | SH+3 SInv} (You found it on level 3 of the Lair of Beasts)
 12410 | Lair:4   | Received a gift from Okawaru
 13094 | Lair:4   | Found a hole to the Spider Nest.
 13331 | Lair:5   | Reached XP level 13. HP: 84/84 MP: 13/13
 13486 | Lair:5   | Noticed Snorg
 13489 | Lair:5   | Noticed Urug
 13497 | Lair:5   | Banished Urug
 13532 | Lair:5   | Noticed Josephine
 13538 | Lair:5   | Killed Snorg
 13538 | Lair:5   | Received a gift from Okawaru
 13542 | Lair:5   | Killed Josephine
 13552 | Lair:5   | Found a staircase to the Slime Pits.
 13553 | Lair:5   | Found a viscous altar of Jiyva.
 14113 | Lair:6   | Entered Level 6 of the Lair of Beasts
 14624 | Lair:6   | Gained mutation: Your large and strong wings let you fly
                  | indefinitely. [Gargoyle growth]
 14624 | Lair:6   | Reached XP level 14. HP: 88/92 MP: 14/14
 15041 | Lair:6   | Reached skill level 15 in Maces & Flails
 15348 | Lair:6   | Received a gift from Okawaru
 15535 | Lair:6   | Found the +7 lajatang of Order {silver, rMut}
 15815 | Lair:6   | Identified a scroll of acquirement
 16429 | D:9      | Found a basalt altar of Yredelemnul.
 16727 | D:9      | Found Perisusch's Antique Armour Boutique.
 17102 | D:10     | Entered Level 10 of the Dungeon
 17351 | D:10     | Noticed Sonja
 17369 | D:10     | Killed Sonja
 17968 | D:11     | Found a staircase to the Orcish Mines.
 18266 | D:11     | Found a roughly hewn altar of Beogh.
 18598 | Orc:1    | Entered Level 1 of the Orcish Mines
 18621 | Orc:1    | Noticed an orc warlord
 18887 | D:11     | Banished an orc warlord
 18887 | D:11     | Reached skill level 1 in Invocations
 18915 | Orc:1    | Paralysed by an orc sorcerer for 3 turns
 19143 | Orc:1    | Found Urghauzukh's Armour Shoppe.
 19349 | Orc:2    | Entered Level 2 of the Orcish Mines
 19349 | Orc:2    | Found Laulot's General Store.
 19349 | Orc:2    | Noticed an orc warlord
 19856 | Orc:1    | Killed an orc warlord
 20063 | Orc:2    | Gained mutation: You are clumsy. (Dex -2) [a neqoxec]
 20074 | Orc:2    | Received a gift from Okawaru
 20295 | Orc:2    | Reached XP level 15. HP: 93/97 MP: 17/17
 20306 | Orc:2    | Found Udwair's Antique Armour Boutique.
 20328 | Orc:2    | Found Weziejux's Jewellery Boutique.
 20328 | Orc:2    | Noticed an orc warlord
 20467 | Orc:2    | Banished an orc warlord
 20635 | Orc:2    | Bought the ring of Discretion {*Drain rC++ EV+4 Dex+6} for
                  | 742 gold pieces
 21006 | Orc:2    | Found a staircase to the Elven Halls.
 21039 | Orc:2    | Found Nuge's Antique Weapon Shoppe.
 21196 | Orc:1    | Found Recaut's General Store.
 21196 | Orc:1    | Found Cunit's Antique Weapon Shoppe.
 21463 | D:12     | You are sucked into a shaft for 2 floors!
 21504 | D:14     | Got a translucent chain mail
 21515 | D:14     | Identified the +8 chain mail of Ungal {rElec} (You found it
                  | on level 14 of the Dungeon)
 21699 | D:14     | Received a gift from Okawaru
 22114 | D:14     | Noticed Agnes
 22237 | D:14     | Found a gate to the Vaults.
 22386 | D:14     | Banished Agnes
 22555 | D:15     | Entered Level 15 of the Dungeon
 22578 | D:15     | Reached skill level 5 in Invocations
 22912 | D:15     | Found a staircase to the Depths.
 24504 | D:12     | Reached XP level 16. HP: 106/106 MP: 20/20
 25347 | Spider:1 | Entered Level 1 of the Spider Nest
 25431 | Spider:1 | Received a gift from Okawaru
 25612 | Spider:1 | Noticed Jorgrun
 26056 | Lair:4   | Banished Jorgrun
 27273 | Spider:2 | Found a runed door.
 27316 | Spider:2 | Received a gift from Okawaru
 28281 | Spider:3 | Reached skill level 15 in Fighting
 28281 | Spider:3 | Reached skill level 15 in Shields
 28819 | Spider:3 | Reached skill level 15 in Armour
 28937 | Spider:3 | Reached XP level 17. HP: 113/113 MP: 23/23
 29321 | Spider:4 | Entered Level 4 of the Spider Nest
 29550 | Spider:4 | Received a gift from Okawaru
 29864 | Spider:4 | Reached skill level 10 in Invocations
 29956 | Spider:4 | Received a gift from Okawaru
 30057 | Spider:4 | Noticed Arachne
 30297 | Spider:4 | Killed Arachne
 30814 | Spider:4 | Received a gift from Okawaru
 30839 | Spider:4 | Got a translucent helmet {god gift}
 30845 | Spider:4 | Identified the +0 helmet of Hedging {*Contam rElec rF+++
                  | rC-} (Okawaru gifted it to you on level 4 of the Spider
                  | Nest)
 31119 | Spider:4 | Got a gossamer rune of Zot
 31470 | Lair:2   | Reached XP level 18. HP: 56/120 MP: 19/26
 31798 | Shoals:1 | Entered Level 1 of the Shoals
 31902 | Shoals:1 | Noticed Roxanne
 31924 | Shoals:1 | Killed Roxanne
 31925 | Shoals:1 | Identified Roxanne's Handbook of Clay (You took it off
                  | Roxanne on level 1 of the Shoals)
 32657 | Shoals:1 | Got an ichor-stained chain mail
 34049 | Shoals:3 | Noticed Ilsuiw
 34061 | Shoals:2 | Received a gift from Okawaru
 34129 | Shoals:3 | Killed Ilsuiw
 34275 | Shoals:3 | Noticed Polyphemus
 34325 | Shoals:3 | Killed Polyphemus
 34824 | Shoals:3 | Noticed Louise
 34843 | Shoals:3 | Killed Louise
 34845 | Shoals:3 | Got an ancient large shield
 34856 | Shoals:3 | Identified the cursed +0 large shield of Curiosity {rElec
                  | MR- MP+9} (You took it off Louise on level 3 of the Shoals)
 35088 | Shoals:4 | Entered Level 4 of the Shoals
 36079 | Shoals:4 | Received a gift from Okawaru
 36293 | Shoals:4 | Reached XP level 19. HP: 107/128 MP: 28/28
 36852 | Shoals:4 | Got a barnacled rune of Zot
 37124 | Shoals:4 | Received a gift from Okawaru
 37165 | Shoals:4 | Got a bound silver ring
 37166 | Shoals:4 | Identified the ring of Eddot {rF+ Slay+5} (You found it on
                  | level 4 of the Shoals)
 37826 | Depths:1 | Entered Level 1 of the Depths
 38104 | Depths:1 | Received a gift from Okawaru
 38408 | Depths:1 | Noticed Sojobo
 38430 | Depths:1 | Killed Sojobo
 38586 | Depths:1 | Found a gateway to Hell.
 38669 | Depths:1 | Received a gift from Okawaru
 38774 | Depths:1 | Reached XP level 20. HP: 64/136 MP: 27/29
 39388 | Depths:1 | Received a gift from Okawaru
 39768 | Depths:1 | Got an iridescent fustibalus
 39861 | Depths:1 | Got a smoking large shield
 39872 | Depths:1 | Identified the +7 large shield of Hedge Wizardry {rCorr
                  | Str+5 Int-4 Slay+3} (You found it on level 1 of the Depths)
 40388 | Depths:2 | Identified the +6 chain mail of Rippiarot {rF+ rC+ Regen+
                  | Str+2} (You found it on level 1 of the Shoals)
 40609 | Depths:2 | Found a one-way gate to the infinite horrors of the Abyss.
 40943 | Depths:2 | Received a gift from Okawaru
 40969 | Depths:2 | Got a crude amber ring
 40971 | Depths:2 | Identified the ring "Toant" {*Slow +Fly rC+ SInv} (You
                  | found it on level 2 of the Depths)
 41160 | Depths:2 | Found Amoodol's Jewellery Shop.
 41161 | Depths:2 | Found Sitappul's Gadget Emporium.
 41161 | Depths:2 | Found Ulozxo Afesch's Gadget Emporium.
 41538 | Depths:3 | Noticed a lich
 41542 | Depths:3 | Paralysed by a lich for 5 turns
 41559 | Depths:3 | Killed a lich
 41559 | Depths:3 | Received a gift from Okawaru
 41636 | Depths:3 | Noticed the Enchantress
 41670 | Depths:3 | Killed the Enchantress
 41689 | Depths:3 | Got faerie dragon scales
 41814 | Depths:3 | Noticed Jory
 41844 | Depths:3 | Killed Jory
 41845 | Depths:3 | Reached XP level 21. HP: 72/144 MP: 22/30
 41978 | Depths:3 | Identified the +4 faerie dragon scales {rC+ rCorr Clar}
                  | (You took it off the Enchantress on level 3 of the Depths)
 42315 | Depths:3 | Received a gift from Okawaru
 42380 | Depths:3 | Got a pair of shimmering gloves {god gift}
 42393 | Depths:3 | Identified the +0 pair of gloves of the Equinox {+Fly rC-
                  | rN+ Dex+2} (Okawaru gifted it to you on level 3 of the
                  | Depths)
 42431 | Depths:3 | Found a one-way gate leading to the halls of Pandemonium.
 43050 | Depths:4 | Paralysed by a great orb of eyes for 4 turns
 43504 | Depths:4 | Noticed Boris
 43518 | Depths:4 | Killed Boris
 43573 | Depths:4 | Reached XP level 22. HP: 101/152 MP: 31/31
 43695 | Depths:4 | Found a gateway to a ziggurat.
 43738 | Depths:4 | Found an ancient bone altar of Kikubaaqudgha.
 43744 | Depths:4 | Received a gift from Okawaru
 43745 | Depths:4 | Found the +8 whip "Snakebite" {curare, rPois}
 43996 | Depths:4 | Found a corrupted altar of Lugonu.
 44342 | Depths:5 | Entered Level 5 of the Depths
 44342 | Depths:5 | Noticed a caustic shrike
 44342 | Depths:5 | Noticed a caustic shrike
 44342 | Depths:5 | Noticed a caustic shrike
 44342 | Depths:5 | Noticed a caustic shrike
 44342 | Depths:5 | Noticed a caustic shrike
 44350 | Depths:4 | Killed a caustic shrike
 44361 | Depths:4 | Killed a caustic shrike
 44597 | Depths:4 | Killed a caustic shrike
 44603 | Depths:5 | Noticed a caustic shrike
 44603 | Depths:5 | Noticed a caustic shrike
 44722 | Depths:4 | Received a gift from Okawaru
 44879 | Depths:4 | Received a gift from Okawaru
 45152 | Depths:5 | Noticed an ancient lich
 45338 | Depths:5 | Killed an ancient lich
 45417 | Depths:5 | Noticed Xtahua
 45436 | Depths:5 | Killed Xtahua
 45514 | Depths:5 | Noticed a caustic shrike
 45536 | Depths:5 | Killed a caustic shrike
 45536 | Depths:5 | Received a gift from Okawaru
 45545 | Depths:5 | Killed a caustic shrike
 45556 | Depths:5 | Killed a caustic shrike
 45576 | Depths:5 | Got a translucent flail {god gift}
 45577 | Depths:5 | Identified the +2 flail of Sulphur {drain, rC+ Str+4 Dex+5}
                  | (Okawaru gifted it to you on level 5 of the Depths)
 45669 | Depths:5 | Noticed a golden dragon
 45697 | Depths:5 | Killed a golden dragon
 45697 | Depths:5 | Reached XP level 23. HP: 152/160 MP: 28/32
 45747 | Depths:5 | Found a gate to the Realm of Zot.
 45995 | Depths:5 | Paralysed by a vampire knight for 2 turns
 46144 | Depths:5 | Identified the Tome of Stolen Souls
 46159 | Depths:5 | Found a runed door.
 46159 | Depths:5 | Noticed Kaitaug's ghost (veteran MiBe)
 46168 | Depths:5 | Noticed a golden dragon
 46203 | Depths:5 | Killed Kaitaug's ghost
 46209 | Depths:5 | Killed a golden dragon
 46494 | Depths:5 | Received a gift from Okawaru
 47046 | Depths:2 | Voluntarily entered the Abyss.
 47118 | Abyss:1  | Killed Jorgrun
 47272 | Abyss:1  | Paralysed by accursed screaming for 2 turns
 47282 | Abyss:1  | Paralysed by accursed screaming for 1 turns
 47733 | Abyss:1  | Gained mutation: Potions are less effective at restoring
                  | your health. [a neqoxec]
 47738 | Abyss:1  | Gained mutation: [You are dopey. (Int -2)] [a neqoxec]
 47767 | Abyss:1  | Killed Urug
 47863 | Depths:2 | Escaped the Abyss
 48041 | Depths:2 | Voluntarily entered the Abyss.
 48292 | Abyss:3  | Noticed an ancient lich
 48358 | Abyss:3  | Killed an ancient lich
 48557 | Abyss:3  | Found a corrupted altar of Lugonu.
 48661 | Abyss:3  | Found a corrupted altar of Lugonu.
 48900 | Abyss:3  | Gained mutation: [You are weak. (Str -2)] [a cacodemon]
 48965 | Abyss:3  | Reached XP level 24. HP: 168/168 MP: 32/32
 49193 | Abyss:3  | Received a gift from Okawaru
 49372 | Abyss:3  | Paralysed by accursed screaming for 1 turns
 49380 | Abyss:3  | Paralysed by accursed screaming for 2 turns
 49386 | Abyss:3  | HP: 2/135 [starcursed mass/accursed screaming (16)]
 49408 | Abyss:4  | HP: 5/135 [starcursed mass/accursed screaming (5)]
 49411 | Abyss:4  | Killed from afar by a starcursed mass

Skill      XL: |  1  2  3  4  5  6  7  8  9 10 11 12 13 14 15 16 17 18 19 20 21 22 23 |
---------------+----------------------------------------------------------------------+-----
Maces & Flails | 3 4 5 7 9 10 12 13 14 15 16 | 16.0
Fighting       | 4 5 6 7 8 9 11 12 14 15 16 17 18 19 20 21 22 | 22.4
Armour         | 4 5 6 7 8 9 11 12 13 15 16 17 18 19 20 21 22 | 22.3
Shields        | 4 5 6 7 8 9 11 12 13 15 16 17 18 19 20 21 22 | 22.4
Invocations    | 2 6 9 11 12 | 12.0

Action                   |  1- 3 |  4- 6 |  7- 9 | 10-12 | 13-15 | 16-18 | 19-21 | 22-24 || total
-------------------------+-------+-------+-------+-------+-------+-------+-------+-------++-------
Melee: Flail             |   112 |   104 |       |       |       |       |       |  1140 ||  1356
       Mace              |       |    29 |   742 |   472 |       |       |       |       ||  1243
       Demon whip        |       |       |       |   206 |       |       |       |       ||   206
       Morningstar       |       |       |       |    67 |  1610 |  1927 |  1690 |   398 ||  5692
Invok: Heroism           |       |       |     1 |     9 |     7 |    30 |    20 |    19 ||    86
       Finesse           |       |       |       |       |       |     8 |     7 |     9 ||    24
 Abil: Fly               |       |       |       |       |     1 |       |     1 |       ||     2
       Stop Flying       |       |       |       |       |       |       |     1 |       ||     1
  Use: Scroll            |     6 |     1 |     8 |    17 |     8 |    10 |     6 |     4 ||    60
       Potion            |       |       |       |     5 |       |       |       |     6 ||    11
 Stab: Petrified         |       |       |       |       |       |     3 |       |       ||     3
       Paralysed         |       |       |       |       |       |       |       |     2 ||     2
  Eat: Chunk             |     2 |     4 |    16 |    16 |    38 |    33 |    18 |    14 ||   141
       Ration            |       |       |       |     1 |       |     2 |     2 |     2 ||     7
Armor: Scale mail        |    72 |    20 |   234 |    35 |       |       |       |       ||   361
       Chain mail        |       |    95 |    61 |   218 |   156 |       |   272 |   378 ||  1180
       Plate armour      |       |       |       |       |   442 |   916 |   271 |       ||  1629
Dodge: Dodged            |    35 |    39 |   251 |   225 |   418 |   626 |   442 |   288 ||  2324
Block: Shield            |    42 |    84 |   365 |   550 |  1436 |  2099 |   650 |       ||  5226
       Reflection        |       |       |     2 |     7 |    78 |    72 |    85 |    43 ||   287
       Large shield      |       |       |       |       |       |       |  1364 |  1713 ||  3077
